 Dungeon Crawl Stone Soup version 0.28-a0-909-g796cbd3a86 (webtiles) character file.

Game seed: 13503783205832696935

5 croobank the Sneak (level 1, -1/10 HPs)
             Began as a Felid Delver on Nov 25, 2021.
             Was an Initiate of Kikubaaqudgha.
             Slain by an adder (4 damage)
             ... on level 3 of the Dungeon.
             The game lasted 00:03:13 (408 turns).

croobank the Sneak (Felid Delver)                    Turns: 408, Time: 00:03:14

Health: -1/10      AC:  1    Str:  8    XL:     1   Next: 66%
Magic:  2/2        EV: 17    Int: 11    God:    Kikubaaqudgha [......]
Gold:   50         SH:  0    Dex: 17    Spells: 0/0 levels left
                                        Lives:  0   Deaths: 0

rFire   . . .      SeeInvis +     - Unarmed
rCold   . . .      Faith    .   (shield unavailable)
rNeg    . . .      Spirit   .   (armour unavailable)
rPois   .          Reflect  .   (helmet unavailable)
rElec   .          Harm     .   (cloak unavailable)
rCorr   .          Rampage  .   (gloves unavailable)
Will    .....                   (boots unavailable)
Stlth   ++++......              (no amulet)
HPRegen 0.03/turn               (no ring)
MPRegen 0.08/turn               (no ring)

@: quick
A: very small, claws 1, fangs 3, see invisible, speed 1, shaggy fur 1, stealthy
paws, no weapons or thrown items, no armour, multi-lived
a: Renounce Religion


You were on level 3 of the Dungeon.
You worshipped Kikubaaqudgha.
Kikubaaqudgha was noncommittal.
You visited 2 branches of the dungeon, and saw 4 of its levels.

You collected 50 gold pieces.

Inventory:

Wands
 e - a wand of digging (3)
Scrolls
 a - a scroll of fog
 c - a scroll of fear
 g - a scroll of identify {unknown}
 h - a scroll of teleportation {unknown}
Potions
 b - a potion of resistance {unknown}
 d - a potion of haste
 f - a potion of degeneration {unknown}


   Skills:
 + Level 3.0 Fighting
 + Level 2.7 Dodging
 + Level 6.9 Stealth
 + Level 2.0 Unarmed Combat


You couldn't memorise any spells.
You didn't know any spells.
Your spell library contained the following spells:

 Spells                   Type           Power      Damage    Failure   Level
 Gell's Gravitas          Tloc           0%         N/A       71%         3
 Lesser Beckoning         Tloc           0%         N/A       71%         3
 Teleport Other           Tloc           0%         N/A       71%         3


Dungeon Overview and Level Annotations

Branches:
Dungeon (5/15)             Temple (1/1) D:4

Altars:
Kikubaaqudgha


Innate Abilities, Weirdness & Mutations

You have sharp claws.
You have razor-sharp teeth.
You have supernaturally acute eyesight. (SInv)
You cover ground quickly. (Speed+)
You are covered in fur. (AC +1)
Your paws help you pounce on unaware monsters.
You are incapable of wielding weapons or throwing items.
You cannot wear armour.
You gain extra lives every three experience levels.


Message History

The adder hisses angrily.
You scratch the bat.
You kill the bat!
Kikubaaqudgha accepts your kill.
You scratch the adder.
The adder is lightly wounded.
The adder bites you.
You scratch the adder but do no damage. Your bite misses the adder.
The adder is lightly wounded.
The adder barely misses you. The adder completely misses you.
You miss the adder. Your bite misses the adder.
The adder is lightly wounded.
The adder closely misses you.
You scratch the adder.
The adder is moderately wounded.
The adder misses you.
You scratch the adder.
The adder is moderately wounded.
The adder closely misses you.
A goblin comes into view. It is wielding a +0 dagger.
You closely miss the adder.
The adder is moderately wounded.
The adder closely misses you. The adder misses you.
You closely miss the adder.
The goblin shouts!
Your bite misses the adder.
The adder is moderately wounded.
You hear an angry hiss.
The adder closely misses you.
You scratch the adder but do no damage.
The adder is moderately wounded.
The adder barely misses you.
You closely miss the adder.
The adder is moderately wounded.
The adder bites you.
* * * LOW HITPOINT WARNING * * *
A ball python comes into view.
The adder bites you.
You die...
Kikubaaqudgha rasps: "You have failed me!
Welcome... death!"

##.######.#.## #.#
#.# #.### ###.# ..#
#.# ##.#.# #### ##+#
#.#..# ##...#
#####.##### #.....#
#...).....#
.......##.###.###.#
........#.##...#
.......S@............
....g.†.#.........###
.S.....#####..#####
#.....# #.## ##...#
#.# ##+# #. #.


You could see an adder, a goblin and a ball python.

Vanquished Creatures
  A bat (D:3)
  An endoplasm (D:4)
  2 goblins
4 creatures vanquished.

Notes
Turn   | Place    | Note
-------+----------+-------------------------------------------
     0 | D:5      | croobank the Felid Delver began the quest for the Orb.
     0 | D:5      | Reached XP level 1. HP: 10/10 MP: 2/2
   271 | D:4      | Found a staircase to the Ecumenical Temple.
   280 | Temple   | Entered the Ecumenical Temple
   293 | Temple   | Became a worshipper of Kikubaaqudgha
   408 | D:3      | Slain by an adder

Illustrated notes

Levels and vault maps discovered:
D:3:      layout_loops_corners, columned_hall_lemuel
D:4:      layout_basic, gammafunk_temple_overflow_statue,
          minmay_temple_entry_junction
D:5:      layout_rooms, mainiacjoe_overflow_catch_the_wave,
          nicolae_ossuary_entry_ruins, uniq_crazy_yiuf_cottage, uniq_menkaure,
          uniq_blork_the_orc, uniq_edmund
Temple:   regret_index_temple_generic_petals

Action                   || total
-------------------------++-------
Melee: Unarmed           ||    18
       Bite              ||     4
  Use: Scroll            ||     1
Dodge: Dodged            ||    13

Table legend: (Time is in decaauts)
 A = Elapsed time spent in this place.
 B = Non-inter-level travel time spent in this place.
 C = Inter-level travel time spent in this place.
 D = Time resting spent in this place.
 E = Time spent auto-exploring this place.
 F = Levels seen in this place.
 G = Mean time per level.
                   A        B        C        D        E       F      G
               +--------+--------+--------+--------+--------+-----+--------+
         Total |    376 |    376 |      0 |    211 |     45 |   4 |   94.0 |
       Dungeon |    357 |    357 |      0 |    211 |     37 |   3 |  119.0 |
        Temple |     19 |     19 |      0 |      0 |      7 |   1 |   19.0 |
               +--------+--------+--------+--------+--------+-----+--------+

Top non-repeatable levels by time:
     D:4: 288 daAuts
     D:3: 60 daAuts
  Temple: 19 daAuts
     D:5: 7 daAuts
